Map: 莱瑞拉克之冠

Players

诡丶计

  • Race: Zerg Zerg
  • League: Master

iGJim

  • Race: Zerg Zerg
  • League: Master

iGRushcrazy

  • Race: Protoss Protoss
  • League: Master

喵帕斯

  • Race: Protoss Protoss
  • League: Master

Event: GPL 2015 - Grand Finals

VOD

Have the link to the VOD?

Description

Time

  • Played on: Jan. 9, 2016, 9:21 a.m.
  • Length: 11:20

All games in this series

Show
View Real Time Build Order
Export as new Build Order

诡丶计 Zerg 

Build Orders: Hatch First 

Get SALT Encoding   

  12  0:01  Drone  
  13  0:12  Overlord  
  13  0:17  Drone  
  14  0:30  Drone x2  
  14  0:34  Drone  
  17  0:52  Hatchery  
  17  0:56  Drone  
  17  0:57  Drone  
  17  1:03  Extractor  
  17  1:12  Spawning Pool  
  17  1:16  Drone  
  17  1:19  Drone  
  18  1:29  Drone  
  19  1:39  Overlord  
  19  1:59  Zergling x2  
  19  2:00  Queen  
  22  2:04  Metabolic Boost  
  22  2:06  Zergling x2  
  22  2:07  Zergling x2  
  24  2:09  Queen  
  24  2:15  Drone x2  
  28  2:23  Drone  
  29  2:31  Zergling x2  
  29  2:32  Zergling x2  
  29  2:35  Queen  
  33  2:40  Overlord  
  33  2:44  Drone  
  33  2:49  Drone  
  35  2:57  Zergling x2  
  34  2:59  Zergling x2  
  33  3:09  Zergling x4  
  33  3:18  Zergling x2  
  31  3:22  Drone  
  31  3:26  Drone x3  
  35  3:30  Drone  
  36  3:43  Drone  
  36  3:44  Drone  
  36  3:47  Drone  
  36  3:48  Hatchery  
  38  3:51  Drone  
  38  3:55  Drone  
  40  3:59  Drone  
  40  4:00  Drone  
  40  4:01  Drone  
  43  4:10  Roach Warren, Drone  
  43  4:14  Overlord  
  43  4:15  Overlord  
  43  4:22  Spore Crawler, Drone  
  43  4:29  Overlord  
  43  4:34  Drone x4  
  43  4:35  Drone  
  43  4:37  Drone  
  49  4:41  Drone x2  
  49  4:42  Drone  
  52  4:49  Extractor  
  52  4:52  Extractor, Drone x2  
  52  4:53  Drone  
  52  4:59  Drone x2  
  55  5:00  Overlord  
  55  5:04  Roach x2  
  59  5:07  Roach  
  59  5:08  Roach  
  59  5:12  Overlord  
  59  5:14  Roach  
  64  5:17  Overlord  
  64  5:21  Zergling x4  
  64  5:22  Zergling x2  
  64  5:24  Zergling x2  
  64  5:25  Zergling x2  
  64  5:27  Zergling x2  
  70  5:29  Zergling x2  
  67  5:36  Zergling x4  
  67  5:39  Zergling x4  
  67  5:41  Zergling x2  
  70  5:43  Zergling x2  
  61  5:50  Zergling x2  
  61  5:52  Zergling x4  
  61  5:56  Drone x2  
  61  5:57  Drone  
  61  5:59  Drone  
  58  6:04  Drone x2  
  58  6:07  Drone  
  58  6:10  Drone  
  62  6:13  Drone x2  
  62  6:14  Drone  
  62  6:15  Drone  
  62  6:18  Drone  
  66  6:19  Drone  
  66  6:21  Drone  
  66  6:24  Drone  
  64  6:26  Drone  
  64  6:28  Drone  
  64  6:31  Drone x3  
  69  6:33  Drone  
  69  6:38  Lair  
  68  6:42  Queen  
  69  6:47  Roach x2  
  69  6:49  Roach  
  69  6:52  Roach  
  69  6:53  Roach  
  75  6:55  Roach  
  75  6:57  Roach  
  75  7:00  Roach  
  75  7:01  Roach  
  80  7:04  Overlord  
  80  7:06  Roach  
  80  7:08  Roach  
  82  7:12  Roach x2  
  82  7:14  Roach  
  82  7:15  Roach  
  90  7:19  Overlord  
  90  7:23  Roach x2  
  90  7:24  Roach  
  90  7:26  Roach  
  98  7:38  Roach x2  
  98  7:39  Roach  
  98  7:40  Glial Reconstitution  
  98  7:41  Roach  
  98  7:42  Overlord  
  98  7:43  Overlord  
  106  7:44  Overlord  
  106  7:55  Overlord  
  106  8:01  Overseer  
  106  8:03  Ravager  
  106  8:04  Ravager  
  106  8:05  Ravager, Drone x3  
  111  8:06  Drone x2  
  111  8:09  Drone x2  
  111  8:11  Zergling x4  
  115  8:13  Roach x2  
  115  8:17  Roach x2  
  115  8:18  Roach  
  115  8:19  Zergling x4  
  124  8:21  Zergling x4  
  124  8:22  Zergling x2  
  124  8:25  Zergling x2  
  121  8:28  Zergling x2  
  118  8:34  Zergling x4  
  118  8:36  Zergling x2  
  118  8:48  Drone  
  118  8:49  Drone x2  
  121  8:56  Drone x2  
  121  9:01  Drone x2  
  121  9:02  Queen  
  127  9:07  Drone  
  128  9:11  Drone  
  128  9:14  Drone x2  
  128  9:15  Drone x2  
  133  9:18  Overlord  
  133  9:23  Hydralisk Den, Extractor  
  129  9:25  Drone x2  
  129  9:29  Drone  
  129  9:30  Drone x4  
  136  9:31  Evolution Chamber  
  136  9:34  Hatchery  
  136  9:36  Drone  
  135  9:52  Zergling x2  
  132  9:53  Zergling x4, Ravager, Roach x4  
  132  9:54  Ravager x3  
  144  10:00  Extractor  
  144  10:01  Overlord x3  
  144  10:02  Overlord x2  
  144  10:04  Overlord  
  134  10:11  Zergling x2  
  134  10:12  Ravager x2  
  134  10:13  Ravager  
  134  10:14  Zergling x8  
  133  10:15  Zergling x4  
  133  10:17  Ravager  
  133  10:19  Zergling x2  
  138  10:22  Zergling x2  
  138  10:26  Zergling x2  
  125  10:33  Zergling x2  
  100  10:36  Zergling x4  
  100  10:38  Zergling x4  
  100  10:40  Zergling x2  
  88  10:43  Zergling x2  
  88  10:44  Zergling x6  
  88  10:45  Zergling x4, Roach  
  88  10:47  Roach  
  88  10:49  Roach  
  87  10:56  Roach x4  
  70  10:57  Roach  
Show
View Real Time Build Order
Export as new Build Order

iGJim Zerg 

Build Orders:  

Get SALT Encoding   

  12  0:01  Probe (Chrono Boost)  
  13  0:11  Probe (Chrono Boost)  
  14  0:20  Pylon  
  14  0:22  Probe (Chrono Boost)  
  15  0:38  Probe (Chrono Boost)  
  15  0:41  Gateway  
  16  0:46  Assimilator  
  16  0:48  Probe (Chrono Boost)  
  17  0:59  Probe (Chrono Boost)  
  18  1:10  Probe (Chrono Boost)  
  19  1:13  Gateway  
  19  1:20  Probe (Chrono Boost)  
  20  1:28  Cybernetics Core  
  20  1:31  Probe (Chrono Boost)  
  21  1:34  Pylon  
  23  1:52  Probe (Chrono Boost)  
  22  2:03  Probe (Chrono Boost)  
  22  2:05  Adept (Chrono Boost)  
  22  2:06  Adept (Chrono Boost)  
  27  2:12  Warp Gate (Chrono Boost)  
  27  2:19  Nexus  
  27  2:29  Pylon  
  28  2:33  Assimilator  
  28  2:35  Mothership Core (Chrono Boost)  
  29  2:45  Adept  
  31  2:55  Probe (Chrono Boost)  
  32  3:06  Probe (Chrono Boost)  
  32  3:11  Gateway  
  32  3:12  Gateway  
  33  3:16  Probe (Chrono Boost)  
  33  3:27  Twilight Council, Probe (Chrono Boost)  
  33  3:32  Probe (Chrono Boost)  
  32  3:37  Probe (Chrono Boost)  
  33  3:41  Forge  
  33  3:43  Probe (Chrono Boost)  
  33  3:46  Pylon  
  34  3:51  Resonating Glaives  
  34  3:52  Pylon  
  34  3:54  Probe (Chrono Boost)  
  34  3:55  Probe  
  36  4:06  Probe x2  
  38  4:12  Adept  
  38  4:14  Adept  
  42  4:19  Adept  
  42  4:21  Probe  
  45  4:25  Probe  
  45  4:26  Sentry  
  48  4:32  Stalker  
  48  4:33  Probe  
  48  4:36  Probe  
  52  4:39  Adept  
  52  4:41  Adept  
  56  4:45  Probe  
  56  4:52  Adept  
  59  4:57  Adept, Probe  
  59  4:59  Adept  
  64  5:01  Pylon  
  64  5:03  Adept  
  64  5:06  Probe  
  65  5:15  Robotics Facility  
  65  5:16  Probe  
  65  5:18  Pylon, Probe  
  67  5:24  Protoss Ground Weapons Level 1  
  67  5:28  Blink  
  67  5:30  Assimilator  
  67  5:40  Nexus  
  67  5:41  Pylon  
  67  5:47  Assimilator  
  63  5:50  Probe  
  63  5:51  Probe  
  59  5:57  Warp Prism  
  59  6:02  Probe  
  54  6:04  Adept  
  54  6:06  Adept  
  54  6:08  Adept  
  60  6:12  Adept  
  62  6:22  Pylon  
  62  6:24  Adept, Pylon  
  60  6:29  Adept x2  
  60  6:31  Immortal  
  67  6:41  Adept  
  69  6:50  Adept x3  
  73  7:03  Nexus  
  73  7:04  Adept  
  75  7:10  Adept  
  75  7:11  Adept x2  
  81  7:16  Probe  
  81  7:19  Immortal, Gateway  
  82  7:26  Sentry  
  84  7:31  Gateway  
  84  7:33  Sentry  
  84  7:34  Sentry  
  88  7:37  Sentry  
  88  7:39  Probe x2  
  90  7:45  Protoss Ground Weapons Level 2 (Chrono Boost)  
  90  7:51  Stalker  
  90  7:53  Gateway  
  92  7:59  Adept, Pylon  
  92  8:03  Pylon  
  94  8:11  Sentry, Adept  
  94  8:12  Immortal  
  102  8:21  Stalker  
  104  8:27  Stalker  
  104  8:33  Stalker  
  102  8:36  Probe  
  102  8:38  Probe  
  102  8:40  Probe  
  101  8:41  Stalker  
  103  8:48  Stalker, Probe  
  103  8:49  Probe  
  103  8:52  Probe  
  103  8:53  Stalker  
  110  8:58  Stalker  
  112  9:03  Stalker  
  114  9:10  Stalker x2  
  118  9:23  Adept x3  
  124  9:26  Stalker, Adept  
  128  9:32  Gateway  
  128  9:33  Pylon  
  128  9:39  Sentry  
  130  9:49  Stalker x3  
  130  9:50  Stalker x2  
  134  10:13  Stalker x7  
  126  10:34  Stalker  
  122  10:39  Adept  
  122  10:40  Adept x2  
  118  10:45  Stalker x4  
  110  10:59  Assimilator  
  110  11:01  Assimilator  
Show
View Real Time Build Order
Export as new Build Order

iGRushcrazy Protoss 

Build Orders:  

Get SALT Encoding   

Show
View Real Time Build Order
Export as new Build Order

喵帕斯 Protoss 

Build Orders:  

Get SALT Encoding   

Tags
 
Add a new tag
Caveats
  • Supply blocks, unpowered buildings, or Contaminate may cause inaccurate times.
  • Supply counts are checked every 10 seconds.